Map: Post-Youth LE

Players

jeannysu - Winner!

  • Race: Zerg Zerg
  • Spawn Location: 1:00

인공지능 칸 (정예)

  • Race: Protoss Protoss
  • Spawn Location: 7:00

VOD

Have the link to the VOD?

Description

Time

  • Played on: Sept. 25, 2025, 10:57 a.m.
  • Length: 11:36
Show
View Real Time Build Order
Export as new Build Order

jeannysu Zerg - Winner!

Build Orders: Hatch First 

Get SALT Encoding   

  12  0:00  Drone  
  13  0:13  Overlord  
  13  0:18  Drone  
  14  0:31  Drone x2  
  16  0:49  Hatchery  
  15  0:51  Drone  
  15  0:55  Drone  
  17  0:58  Drone  
  18  1:07  Extractor  
  17  1:15  Spawning Pool  
  17  1:18  Drone  
  17  1:21  Drone  
  18  1:28  Drone  
  19  1:45  Drone  
  20  1:50  Overlord  
  20  2:02  Zergling x4  
  20  2:03  Queen  
  20  2:04  Queen  
  26  2:14  Metabolic Boost  
  26  2:17  Drone  
  26  2:18  Drone  
  28  2:26  Drone  
  28  2:27  Drone  
  30  2:35  Drone  
  30  2:36  Drone  
  32  2:50  Hatchery  
  31  2:51  Overlord  
  31  2:54  Drone  
  31  2:57  Drone x2  
  34  3:02  Queen  
  36  3:20  Drone x7  
  36  3:21  Overlord  
  43  3:43  Queen x2  
  47  3:49  Overlord  
  47  3:55  Extractor x2  
  45  3:56  Overlord  
  45  3:58  Zergling x2  
  45  3:59  Zergling x12  
  45  4:02  Queen  
  52  4:03  Drone  
  52  4:04  Drone x2  
  52  4:07  Overlord  
  57  4:22  Drone  
  57  4:23  Drone x6  
  64  4:24  Overlord  
  64  4:25  Drone  
  64  4:26  Drone  
  64  4:27  Drone  
  67  4:42  Drone x3  
  70  4:46  Drone  
  70  4:47  Drone x2  
  73  5:02  Hatchery  
  72  5:12  Drone, Evolution Chamber  
  72  5:13  Drone x3, Baneling Nest, Evolution Chamber  
  73  5:15  Zergling x12  
  79  5:26  Lair  
  79  5:27  Queen  
  81  5:42  Zergling x2  
  82  5:45  Overlord x4  
  82  5:54  Extractor  
  81  5:59  Zerg Melee Weapons Level 1, Zerg Ground Armor Level 1  
  81  6:03  Extractor  
  80  6:05  Extractor  
  80  6:10  Drone x4  
  80  6:11  Drone x14  
  97  6:30  Baneling x14  
  97  6:31  Baneling x6  
  97  6:33  Centrifugal Hooks  
  97  6:42  Drone x2  
  97  6:43  Drone  
  97  6:45  Zergling x28  
  114  6:50  Extractor  
  114  6:51  Extractor  
  112  6:59  Hydralisk Den  
  112  7:00  Infestation Pit  
  110  7:08  Hatchery  
  110  7:13  Overseer x4  
  110  7:14  Pneumatized Carapace  
  109  7:16  Drone x2  
  109  7:17  Drone  
  109  7:18  Drone  
  109  7:19  Drone x2  
  109  7:20  Overlord x2  
  109  7:21  Overlord x2  
  115  7:27  Zergling x2  
  115  7:28  Zergling x8  
  120  7:31  Baneling  
  120  7:32  Baneling x3  
  120  7:33  Baneling x4  
  120  7:40  Drone x12  
  120  7:41  Drone  
  133  7:56  Zerg Melee Weapons Level 2, Zerg Ground Armor Level 2  
  133  8:03  Hydralisk  
  133  8:04  Hydralisk x2  
  139  8:07  Grooved Spines  
  139  8:11  Overlord x5  
  139  8:17  Overlord  
  139  8:19  Queen  
  141  8:31  Hydralisk x6  
  141  8:32  Hydralisk x4  
  161  8:35  Hatchery  
  161  8:37  Overseer  
  160  8:45  Drone  
  160  8:46  Drone x3  
  160  8:47  Drone x9  
  160  8:48  Drone  
  174  8:51  Hydralisk x2, Extractor  
  174  8:55  Neural Parasite, Hive  
  177  9:23  Extractor  
  176  9:25  Hydralisk  
  176  9:26  Hydralisk x11  
  175  9:47  Zergling x6  
  175  9:48  Zergling x28  
  175  9:52  Overseer, Infestor x3  
  189  9:53  Infestor  
  190  10:00  Zergling x2  
  190  10:01  Zergling x18  
  200  10:13  Muscular Augments  
  198  10:22  Zergling x2  
  198  10:23  Zergling x2  
  198  10:26  Baneling  
  198  10:27  Baneling x13  
Show
View Real Time Build Order
Export as new Build Order

인공지능 칸 (정예) Protoss 

Build Orders: Blink Stalkers, Zealot Archon 

Get SALT Encoding   

  12  0:00  Probe  
  13  0:13  Probe  
  14  0:21  Pylon  
  14  0:25  Probe  
  15  0:35  Probe  
  16  0:43  Probe  
  16  0:48  Assimilator  
  17  0:52  Gateway, Probe  
  18  1:00  Pylon, Probe  
  18  1:09  Probe  
  20  1:19  Probe  
  21  1:33  Assimilator  
  21  1:36  Probe  
  22  1:41  Zealot  
  22  1:42  Cybernetics Core  
  24  1:48  Probe  
  25  1:59  Probe  
  26  2:04  Pylon  
  26  2:07  Probe  
  27  2:17  Stalker  
  27  2:21  Warp Gate  
  27  2:22  Twilight Council  
  29  2:29  Gateway  
  29  2:30  Probe  
  30  2:42  Probe  
  30  2:43  Stalker  
  32  2:54  Probe  
  33  3:01  Stalker, Blink  
  33  3:06  Gateway  
  35  3:20  Pylon  
  35  3:23  Stalker  
  37  3:28  Probe  
  37  3:35  Stalker  
  37  3:40  Probe  
  40  3:50  Stalker x2  
  40  3:52  Probe  
  45  4:04  Pylon  
  45  4:13  Stalker  
  47  4:22  Pylon  
  47  4:26  Zealot  
  47  4:27  Adept  
  51  4:37  Adept  
  53  4:43  Gateway  
  53  4:46  Adept  
  53  4:52  Adept  
  57  4:57  Adept  
  59  5:07  Adept  
  59  5:12  Adept  
  63  5:47  Pylon  
  63  5:49  Templar Archives  
  63  5:50  Forge  
  63  5:52  Nexus  
  63  6:03  Protoss Ground Weapons Level 1  
  63  6:09  Robotics Facility  
  63  6:20  Pylon  
  63  6:27  High Templar  
  65  6:33  High Templar  
  65  6:38  Zealot  
  65  6:39  Archon  
  69  6:47  Pylon  
  69  6:58  Forge  
  69  7:02  High Templar  
  69  7:04  Probe x2  
  69  7:07  Assimilator  
  73  7:09  Assimilator  
  73  7:15  Probe  
  73  7:16  Probe  
  75  7:25  Probe  
  75  7:28  Probe  
  77  7:31  High Templar  
  77  7:33  Probe  
  79  7:39  Archon  
  79  7:40  Probe  
  81  7:45  Probe  
  81  7:48  High Templar  
  84  7:52  Probe  
  84  7:57  Probe, Nexus  
  86  8:01  High Templar  
  86  8:04  Probe  
  89  8:10  Sentry  
  89  8:12  Pylon  
  91  8:13  Archon  
  91  8:24  High Templar  
  93  8:38  Pylon, High Templar  
  95  8:45  Observer  
  96  8:50  Archon  
  96  8:53  Protoss Ground Armor Level 1  
  96  8:54  Sentry  
  98  8:56  Zealot  
  98  8:57  Photon Cannon  
  98  8:59  Photon Cannon  
  98  9:01  Pylon  
  100  9:04  Pylon  
  100  9:08  Stalker  
  100  9:09  Probe  
  103  9:10  Probe x2  
  103  9:13  Stalker  
  107  9:18  Stalker  
  107  9:21  Zealot  
  107  9:22  Probe x2  
  112  9:24  Assimilator  
  112  9:25  Probe  
  112  9:26  Pylon  
  112  9:30  Zealot  
  115  9:31  Probe  
  115  9:34  Probe  
  115  9:36  Stalker, Zealot  
  115  9:38  Probe  
  122  9:39  Probe  
  122  9:41  Zealot  
  77  9:50  High Templar  
  75  9:53  Probe  
  75  9:54  Probe  
  75  9:56  Probe, Stalker  
  75  9:59  High Templar  
  72  10:01  Adept  
  72  10:06  Probe x2  
  75  10:11  Probe  
  71  10:14  Probe  
  71  10:18  Probe  
  71  10:19  High Templar  
  71  10:20  Adept  
  71  10:21  Zealot  
  71  10:26  Probe  
  59  10:31  Probe, High Templar  
  59  10:33  Stalker  
  52  10:41  Sentry  
  52  10:49  Adept  
  45  10:51  Zealot  
Tags
 
Add a new tag
Caveats
  • Supply blocks, unpowered buildings, or Contaminate may cause inaccurate times.
  • Supply counts are checked every 10 seconds.